Map: Curious Minds LE

Players

Ora

  • Race: Terran Terran
  • League: Grandmaster

Smile - Winner!

  • Race: Terran Terran
  • League: Master

VOD

Have the link to the VOD?

Description

Time

  • Played on: March 23, 2022, 4:02 p.m.
  • Length: 15:57
Show
View Real Time Build Order
Export as new Build Order

Ora Terran 

Build Orders: Reaper Expand 

Get SALT Encoding   

  12  0:01  SCV  
  13  0:13  SCV  
  14  0:17  Supply Depot  
  14  0:25  SCV  
  15  0:39  SCV, Barracks  
  16  0:44  Refinery  
  16  0:51  SCV  
  17  1:03  SCV  
  18  1:15  SCV  
  19  1:26  Reaper  
  19  1:27  Orbital Command  
  20  1:39  Command Center  
  20  1:48  Supply Depot  
  20  1:53  SCV  
  21  1:58  Barracks Reactor  
  21  2:05  SCV  
  22  2:17  SCV  
  22  2:20  Factory, Bunker  
  23  2:25  Refinery  
  23  2:29  SCV  
  24  2:35  Marine x2  
  26  2:41  SCV  
  27  2:52  Refinery  
  27  2:53  Marine x2, SCV  
  27  2:57  Orbital Command  
  30  3:05  SCV  
  30  3:06  Factory Tech Lab  
  30  3:10  Starport  
  30  3:18  SCV  
  31  3:24  SCV  
  31  3:26  Siege Tank  
  35  3:28  Marine x2  
  37  3:37  SCV  
  37  3:38  Supply Depot  
  38  3:42  SCV  
  38  3:46  Medivac  
  41  3:49  SCV  
  42  3:56  Marine  
  42  3:57  Marine  
  42  3:58  SCV  
  42  4:00  Siege Tank  
  48  4:05  Supply Depot  
  48  4:09  SCV, Supply Depot  
  49  4:16  Medivac  
  53  4:18  SCV  
  54  4:27  SCV  
  54  4:30  SCV, Supply Depot  
  54  4:32  Siege Tank  
  57  4:39  SCV  
  57  4:42  SCV  
  59  4:51  SCV  
  60  4:54  SCV  
  60  4:58  Command Center  
  61  5:04  Viking  
  61  5:06  Viking  
  65  5:09  SCV  
  62  5:20  SCV, Engineering Bay  
  61  5:26  SCV  
  62  5:34  Viking  
  60  5:39  SCV  
  60  5:40  SCV  
  60  5:52  SCV  
  61  6:04  SCV  
  63  6:08  Missile Turret  
  63  6:09  Missile Turret  
  63  6:17  Refinery  
  63  6:18  SCV x2, Siege Tank  
  67  6:27  Viking  
  67  6:29  Viking  
  67  6:30  SCV x2  
  73  6:42  SCV x2  
  76  6:54  SCV x2  
  76  6:58  Orbital Command  
  77  7:06  SCV x2  
  79  7:13  Refinery  
  79  7:18  SCV  
  79  7:19  SCV  
  79  7:20  Viking x2, Siege Tank  
  79  7:22  Refinery  
  88  7:30  SCV  
  88  7:33  SCV  
  88  7:35  SCV  
  90  7:42  SCV  
  91  7:45  SCV, Sensor Tower  
  91  7:47  SCV, Missile Turret  
  93  7:54  Supply Depot  
  93  7:58  SCV, Siege Tank  
  98  8:00  Viking x2  
  101  8:13  SCV x2  
  101  8:19  SCV  
  104  8:25  SCV x2  
  106  8:31  SCV, Starport  
  106  8:32  Siege Tank  
  106  8:33  Starport  
  108  8:35  Viking  
  108  8:37  Command Center  
  108  8:39  Viking  
  108  8:41  SCV  
  108  8:47  SCV  
  109  8:50  SCV  
  109  8:53  SCV  
  111  8:59  SCV  
  112  9:03  Supply Depot  
  112  9:05  Viking  
  112  9:06  Supply Depot  
  116  9:15  Missile Turret, Siege Tank  
  117  9:19  Missile Turret  
  117  9:24  SCV x2, Command Center  
  117  9:26  Starport Reactor  
  117  9:31  SCV, Starport Reactor  
  119  9:37  SCV  
  120  9:41  Supply Depot  
  120  9:44  Supply Depot  
  120  9:45  Viking x2, Supply Depot  
  122  9:47  Siege Tank  
  122  9:51  Refinery  
  127  9:56  Barracks Tech Lab  
  127  9:57  Orbital Command, Factory  
  127  10:00  Factory  
  127  10:09  Viking x2  
  127  10:10  Liberator x2  
  128  10:14  SCV x2  
  128  10:15  Viking x2  
  128  10:19  Siege Tank  
  126  10:26  SCV x2  
  118  10:33  Missile Turret  
  116  10:38  SCV x2  
  116  10:39  Liberator x2  
  116  10:42  SCV  
  125  10:45  Liberator x2  
  131  10:50  SCV  
  131  10:51  Siege Tank  
  131  10:54  SCV, Orbital Command  
  131  10:56  SCV  
  137  11:01  Factory Tech Lab  
  137  11:02  SCV  
  137  11:03  Refinery  
  138  11:06  SCV  
  138  11:10  SCV  
  139  11:12  Viking x2  
  139  11:14  SCV  
  143  11:18  SCV  
  143  11:22  SCV, Viking  
  143  11:23  Siege Tank x2  
  143  11:24  SCV  
  154  11:27  SCV  
  154  11:30  SCV, Refinery  
  156  11:34  Orbital Command, SCV  
  156  11:35  Sensor Tower  
  157  11:45  Missile Turret  
  157  11:47  Siege Tank  
  157  11:49  SCV  
  157  11:50  SCV, Sensor Tower  
  157  11:51  SCV  
  163  11:55  Siege Tank x2  
  163  11:57  SCV  
  163  12:01  Refinery x2  
  170  12:08  Missile Turret  
  170  12:09  Missile Turret, SCV  
  168  12:19  Siege Tank  
  168  12:22  SCV  
  151  12:27  Siege Tank x2  
  151  12:28  SCV x4  
  150  12:34  Viking  
  141  12:40  SCV x4  
  145  12:47  Armory  
  145  12:50  Armory  
  143  12:51  Siege Tank  
  143  12:52  SCV x4  
  143  12:54  Missile Turret  
  143  12:55  Missile Turret  
  147  12:59  Siege Tank x2  
  147  13:04  SCV x4  
  157  13:13  Engineering Bay, Factory  
  157  13:15  Factory  
  157  13:16  SCV  
  157  13:17  SCV  
  158  13:23  Siege Tank  
  156  13:29  SCV  
  156  13:30  SCV  
  156  13:31  Siege Tank  
  156  13:32  SCV x2, Siege Tank  
  156  13:33  SCV  
  167  13:34  Refinery  
  167  13:37  Missile Turret  
  167  13:38  Missile Turret  
  167  13:41  SCV  
  162  13:42  SCV  
  162  13:44  SCV  
  162  13:45  SCV  
  149  13:53  SCV  
  149  13:54  SCV  
  133  13:55  Siege Tank  
  133  13:56  SCV  
  133  13:57  SCV  
  133  13:58  Factory Tech Lab  
  133  13:59  Factory Tech Lab  
  125  14:04  Siege Tank x2  
  125  14:05  SCV  
  125  14:06  SCV  
  125  14:08  SCV  
  127  14:11  SCV  
  128  14:17  SCV  
  128  14:19  SCV  
  128  14:20  SCV  
  128  14:23  SCV  
  129  14:24  Supply Depot  
  129  14:28  Siege Tank  
  129  14:29  SCV  
  129  14:31  SCV  
  132  14:32  SCV  
  132  14:35  SCV  
  132  14:36  Siege Tank x2  
  139  14:41  SCV  
  139  14:43  SCV  
  139  14:44  SCV  
  140  14:47  SCV  
  140  14:50  Siege Tank x2  
  147  14:53  SCV  
  147  14:55  SCV  
  147  14:56  SCV  
  147  14:59  SCV  
  151  15:00  Siege Tank  
  151  15:05  SCV  
  140  15:07  SCV  
  140  15:08  Siege Tank x2  
  140  15:09  SCV  
  140  15:11  SCV  
  144  15:18  SCV  
  144  15:19  SCV  
  135  15:22  Siege Tank x2  
  135  15:23  SCV  
  135  15:24  SCV  
  129  15:30  SCV  
  129  15:31  SCV  
  122  15:35  SCV  
  122  15:36  SCV  
  122  15:42  SCV  
  125  15:43  SCV  
Show
View Real Time Build Order
Export as new Build Order

Smile Terran - Winner!

Build Orders: Mech, Banshee Rush 

Get SALT Encoding   

  12  0:02  SCV  
  13  0:14  SCV  
  13  0:18  Supply Depot  
  14  0:26  SCV  
  15  0:39  SCV  
  15  0:42  Barracks  
  16  0:47  Refinery  
  16  0:51  SCV  
  16  0:53  Refinery  
  17  1:03  SCV  
  18  1:16  SCV  
  19  1:30  Orbital Command  
  19  1:32  Reaper  
  20  1:38  Supply Depot  
  20  1:45  Factory  
  20  1:56  SCV  
  21  2:04  Reaper  
  21  2:08  SCV  
  22  2:21  SCV  
  23  2:31  Command Center  
  23  2:35  SCV  
  26  2:38  Barracks Reactor  
  26  2:42  Starport  
  24  2:44  Factory Tech Lab  
  24  2:48  SCV  
  25  2:56  Refinery  
  25  3:00  SCV  
  25  3:04  Cyclone  
  28  3:12  SCV  
  29  3:23  Marine x2  
  31  3:43  Orbital Command, SCV  
  31  3:45  Factory Tech Lab, Cloaking Field  
  32  3:50  Marine x2  
  32  3:52  Banshee  
  32  3:55  SCV  
  38  4:06  Siege Tank  
  38  4:07  SCV  
  38  4:08  SCV  
  43  4:12  Supply Depot  
  43  4:14  Marine x2  
  45  4:20  SCV  
  46  4:26  Supply Depot  
  46  4:33  SCV x2  
  48  4:39  Raven  
  50  4:45  SCV x2  
  50  4:48  Supply Depot  
  50  4:49  Siege Tank  
  55  4:58  SCV x2  
  57  5:10  Marine x2, SCV x2  
  57  5:13  Command Center  
  61  5:22  SCV x2, Command Center  
  61  5:23  Siege Tank  
  68  5:29  Raven  
  68  5:31  Marine x2  
  70  5:55  SCV x2  
  72  6:01  Refinery, Siege Tank  
  75  6:05  Factory  
  75  6:07  SCV x2, Engineering Bay  
  75  6:08  Factory  
  75  6:10  Supply Depot  
  77  6:12  Supply Depot  
  77  6:15  Barracks Reactor  
  77  6:19  SCV  
  77  6:23  SCV  
  79  6:27  Viking  
  79  6:31  SCV  
  82  6:35  SCV  
  84  6:43  SCV  
  84  6:46  Siege Tank  
  87  6:47  SCV  
  87  6:53  Refinery  
  88  6:55  SCV, Refinery  
  88  6:59  SCV  
  88  7:00  Viking x2, Siege Tank  
  97  7:07  SCV  
  98  7:11  Orbital Command, SCV  
  99  7:16  Hellion x2  
  99  7:19  SCV  
  104  7:23  SCV  
  105  7:31  SCV  
  105  7:35  Viking, Siege Tank x2  
  105  7:36  SCV  
  115  7:43  Viking  
  117  7:52  SCV x2  
  117  7:53  Hellion x2, Supply Depot x2  
  117  7:54  SCV  
  124  8:02  Armory  
  124  8:03  Armory  
  124  8:04  SCV  
  125  8:09  Sensor Tower  
  125  8:14  SCV, Siege Tank x2  
  131  8:20  Sensor Tower  
  130  8:28  Hellion x2, Viking x2  
  130  8:30  Infernal Pre-Igniter  
  130  8:32  SCV x2  
  130  8:33  SCV, Supply Depot  
  136  8:44  SCV  
  136  8:47  Hellion x2  
  141  8:54  Terran Vehicle And Ship Armor Level 1, Terran Vehicle Weapons Level 1  
  141  8:58  SCV  
  142  9:08  Viking x2, Siege Tank  
  149  9:11  Command Center  
  149  9:15  Refinery  
  149  9:16  Refinery  
  149  9:23  Factory  
  149  9:24  Factory  
  149  9:25  Supply Depot  
  149  9:26  Hellion  
  149  9:28  SCV x3  
  154  9:40  SCV, Viking  
  154  9:43  Supply Depot  
  157  9:46  Thor, Viking  
  165  10:05  Hellion x2  
  169  10:09  Thor  
  148  10:29  Siege Tank  
  148  10:32  Viking x2  
  148  10:34  Factory Tech Lab  
  148  10:35  Factory Tech Lab  
  151  10:38  SCV  
  151  10:39  Supply Depot  
  151  10:41  SCV, Factory  
  151  10:42  Factory x2  
  153  10:44  Planetary Fortress  
  153  10:48  Missile Turret  
  153  10:51  Hellion x2  
  153  10:52  Thor  
  160  11:10  Thor, Hellion x2  
  160  11:11  Viking  
  162  11:19  Terran Vehicle Weapons Level 2, Terran Vehicle And Ship Armor Level 2  
  160  11:31  Thor x2  
  160  11:32  Hellion x2  
  176  11:41  Viking  
  176  11:42  Viking  
  180  11:49  Command Center  
  180  12:00  Thor, Hellion x2  
  178  12:18  Thor  
  178  12:19  Hellion  
  159  12:25  Thor, Hellion x2  
  146  12:35  Viking x2  
  125  12:40  Hellion  
  127  12:51  Thor, Hellion  
  127  12:58  Hellion  
  135  13:01  Thor, Hellion  
  135  13:05  Viking  
  143  13:06  Factory Tech Lab  
  143  13:07  Factory Tech Lab x2  
  145  13:29  Hellion, Thor, Smart Servos  
  145  13:30  Thor, Hellion x2  
  163  13:39  Thor  
  163  13:40  Hellion  
  171  13:41  Hellion  
  171  13:44  Hellion  
  167  13:51  Thor  
  167  13:53  Hellion x2  
  166  14:01  Thor  
  164  14:20  Thor  
  164  14:21  Hellion x2  
  174  14:30  Thor  
  174  14:31  Hellion x2, Viking x2  
  184  14:49  Missile Turret  
  184  14:51  Missile Turret  
  182  15:04  Thor, Hellion  
  182  15:07  Thor, Hellion  
  182  15:08  Hellion  
  176  15:23  Hellion x2  
  175  15:31  Hellion  
Tags
 
Add a new tag
Caveats
  • Supply blocks, unpowered buildings, or Contaminate may cause inaccurate times.
  • Supply counts are checked every 10 seconds.